 Dungeon Crawl Stone Soup version 0.21.1-1-g345015f (webtiles) character file.

100 weezle the Chopper (level 4, -5/41 HPs)
             Began as a Minotaur Berserker on Apr 19, 2018.
             Was a Believer of Trog.
             Slain by an orc warrior
             ... wielding a +0 trident
              (7 damage)
             ... on level 2 of the Dungeon.
             The game lasted 00:25:49 (1760 turns).

weezle the Chopper (Minotaur Berserker)             Turns: 1760, Time: 00:25:52

Health: -5/41      AC:  5    Str: 22    XL:     4   Next: 47%
Magic:  3/3        EV: 11    Int:  4    God:    Trog [**....]
Gold:   82         SH:  0    Dex: 10    Spells: 3/3 levels left

rFire    . . .     SeeInvis .   a - +0 hand axe
rCold    . . .     Gourm    .   (no shield)
rNeg     . . .     Faith    .   h - +0 ring mail
rPois    .         Spirit   .   (helmet restricted)
rElec    .         Reflect  .   (no cloak)
rCorr    .         Harm     .   (no gloves)
MR       .....     Rnd*Tele +   (no boots)
Stlth    ..........             (no amulet)
HPRegen  0.13/turn              i - ring of teleportation (curse)
MPRegen  0.08/turn              d - ring of teleportation (curse)

@: berserk cooldown, slowed, very slow
A: retaliatory headbutt, horns 2
a: Berserk, Trog's Hand, Burn Spellbooks, Renounce Religion


You were on level 2 of the Dungeon.
You worshipped Trog.
Trog was pleased with you.
You were near starving.

You visited 1 branch of the dungeon, and saw 2 of its levels.

You collected 82 gold pieces.

Inventory:

Hand Weapons
 a - a +0 hand axe (weapon)
Missiles
 l - 24 stones (quivered)
Armour
 b - a +0 animal skin
 h - a +0 ring mail (worn)
Jewellery
 d - a cursed ring of teleportation (right hand)
 e - an uncursed ring of magical power
 i - a cursed ring of teleportation (left hand)
Scrolls
 n - 3 scrolls of magic mapping
 o - a scroll of teleportation
Potions
 f - a potion of curing
 g - a potion of lignification {unknown}
 j - a potion of cancellation {unknown}
 k - a potion of magic {unknown}
 p - a potion of ambrosia {unknown}
Comestibles
 c - 3 rations
 m - 4 chunks of flesh


   Skills:
 + Level 4.4 Fighting
 * Level 5.2 Axes
 + Level 3.5 Armour
 - Level 2.1 Dodging


You had 3 spell levels left.
You didn't know any spells.

Dungeon Overview and Level Annotations

Branches:
Dungeon (2/15)

Altars:


Innate Abilities, Weirdness & Mutations

You reflexively headbutt those who attack you in melee.
You have a pair of horns on your head.


Message History

The magic dart hits you! The orc wizard completely misses you.
You barely miss the orc wizard.
You kill the orc wizard!
Trog accepts your kill.
Trog appreciates your killing of a magic user.
You hit the orc warrior but do no damage.
The orc warrior closely misses you. You furiously retaliate!
You headbutt the orc warrior, but do no damage.
The orc warrior hits you with a trident!!
* * * LOW HITPOINT WARNING * * *
Things that are here:
a dagger; a robe; an orc corpse You feel a strong urge to attack something.
You are no longer berserk.
You are exhausted.
You feel as though you will be slow longer.
The orc wizard casts a spell at you. You resist with some effort.
The orc warrior hits you from afar with a trident!
You die...

####### #.....#
#.......## ####.###.#
##........ ..##.###.#
........# ......##.#
.......# #.##..##.#
....>. #.##..##.#
#.#.#
#.##.....##.###.o.#
..###.#####...o)@.#
### #.# #####)### #.#
#.# #.# #..))...#
###.##### #.#.......#
##.......#
#.#.#.#.#.#
##..)####.###.#.... #
....................
##....###.###.#.....#


You could see an orc warrior and an orc wizard.

Vanquished Creatures
  An orc wizard (D:2)
  2 adders (D:2)
  2 orcs (D:2)
  A bat (D:2)
  2 giant cockroaches (D:1)
  6 goblins
  7 hobgoblins
  9 jackals
  2 frilled lizards (D:1)
  7 kobolds
  10 rats
49 creatures vanquished.

Notes
Turn   | Place    | Note
-------+----------+-------------------------------------------
     0 | D:1      | weezle the Minotaur Berserker began the quest for the Orb.
     0 | D:1      | Reached XP level 1. HP: 19/19 MP: 0/0
   268 | D:1      | Reached skill level 4 in Axes
   310 | D:1      | Reached XP level 2. HP: 27/27 MP: 1/1
  1109 | D:2      | Reached XP level 3. HP: 33/33 MP: 2/2
  1135 | D:2      | Reached ** piety under Trog
  1742 | D:2      | Noticed an orc warrior
  1747 | D:2      | Reached XP level 4. HP: 40/40 MP: 3/3
  1747 | D:2      | Reached skill level 5 in Axes
  1759 | D:2      | HP: 2/61 [orc warrior/trident (22)]
  1760 | D:2      | Slain by an orc warrior

Skill      XL: |  1  2  3  4 |
---------------+-------------+-----
Axes           | 4 5 |  5.2
Fighting       | 4 |  4.4
Armour         | 3 |  3.5
Dodging        | |  2.1

Action                   |  1- 3 |  4- 6 || total
-------------------------+-------+-------++-------
Melee: Hand axe          |    78 |    10 ||    88
       Headbutt          |    11 |     2 ||    13
Throw: Stone             |     6 |       ||     6
Invok: Berserk           |     3 |       ||     3
  Use: Scroll            |     3 |       ||     3
  Eat: Chunk             |     4 |       ||     4
Armor: Animal skin       |     2 |       ||     2
       Ring mail         |    26 |       ||    26
Dodge: Dodged            |    52 |     8 ||    60
